NWL (28 & UNDER)
BISMARK BORDER GUARDS @ BISMARCK BARONS
07/20/2023
 
TOP OF THE 1ST
Bismark Border Guards batting - Pitching for Bismarck Barons : RHP Sergio Cruz
Pitching: RHP Sergio Cruz
Batting: LHB Juan Viera 0-0: Fly out, F6 (Popup, 6MS)
Batting: RHB Vincent Fields 0-0: Ball
1-0: Foul Ball, location: 2F
1-1: SINGLE (Flyball, 8RS)
Batting: LHB Jim Jensen 0-0: Called Strike
0-1: Ball
1-1: Ball
2-1: Swinging Strike
2-2: Foul Ball, location: 2F
2-2: Strikes out swinging
Batting: RHB Mike Wright 0-0: Ball
1-0: Called Strike
1-1: Swinging Strike
1-2: Strikes out looking
Top of the 1st over - 0 run(s), 1 hit(s), 0 error(s), 1 left on base; Bismark 0 - Bismarck 0
BOTTOM OF THE 1ST
Bismarck Barons batting - Pitching for Bismark Border Guards : RHP Jaime Espinoza
Pitching: RHP Jaime Espinoza
Batting: RHB Jorge Espinosa 0-0: Ground out 6-3 (Groundball, 6)
Batting: LHB Dave Gray 0-0: Foul Ball, location: 2F
0-1: Foul Ball, location: 2F
0-2: Foul Ball, location: 2F
0-2: Ground out 4-3 (Groundball, 34)
Batting: RHB Jack Bailey 0-0: Called Strike
0-1: Ball
1-1: Swinging Strike
1-2: Ball
2-2: Fly out, F9 (Flyball, 9LD)
Bottom of the 1st over - 0 run(s), 0 hit(s), 0 error(s), 0 left on base; Bismark 0 - Bismarck 0
TOP OF THE 2ND
Bismark Border Guards batting - Pitching for Bismarck Barons : RHP Sergio Cruz
Batting: LHB Nelson Peña 0-0: Called Strike
0-1: Foul Ball, location: 2F
0-2: Ball
1-2: Fly out, F2 (Popup, 2LF)
Batting: LHB Júlio Colón 0-0: Foul Ball, location: 2F
0-1: Ball
1-1: SINGLE (Line Drive, 8LS)
Batting: RHB José Cintrón 0-0: Ball
Júlio Colón steals 2nd base
1-0: Ball
2-0: Fly out, F9 (Flyball, 9M)
Batting: RHB Enrico Rodríguez 0-0: Called Strike
0-1: Foul Ball, location: 2F
0-2: Ball
1-2: Strikes out swinging
Top of the 2nd over - 0 run(s), 1 hit(s), 0 error(s), 1 left on base; Bismark 0 - Bismarck 0
BOTTOM OF THE 2ND
Bismarck Barons batting - Pitching for Bismark Border Guards : RHP Jaime Espinoza
Batting: RHB Paul Ladd 0-0: Ball
1-0: Foul Ball, location: 2F
1-1: Foul Ball, location: 2F
1-2: Ball
2-2: Strikes out swinging
Batting: RHB Kiyomitsu Shinoda 0-0: Swinging Strike
0-1: Ball
1-1: Ball
2-1: Fly out, F9 (Flyball, 89M)
Batting: SHB Lester Olsen 0-0: Ball
1-0: Ball
2-0: Ball
3-0: Base on Balls
Batting: LHB Eric Peterson 0-0: DOUBLE (Groundball, 5L)
Lester Olsen to third
Batting: RHB Miguel Hernández 0-0: Swinging Strike
0-1: Ball
1-1: Foul Ball, location: 2F
1-2: Foul Ball, location: 2F
1-2: DOUBLE (Line Drive, 7LM)
Lester Olsen scores
Eric Peterson scores
Batting: LHB Lorenzo Núñes 0-0: Ball
1-0: Ball
2-0: Ball
3-0: Called Strike
3-1: Called Strike
3-2: Strikes out swinging
Bottom of the 2nd over - 2 run(s), 2 hit(s), 0 error(s), 1 left on base; Bismark 0 - Bismarck 2
TOP OF THE 3RD
Bismark Border Guards batting - Pitching for Bismarck Barons : RHP Sergio Cruz
Batting: RHB Brennan Yates 0-0: Called Strike
0-1: Called Strike
0-2: Ball
1-2: Ball
2-2: Ball
3-2: Base on Balls
Batting: LHB Juan Viera 0-0: Swinging Strike
0-1: Foul Ball, location: 2F
0-2: Fly out, F8 (Flyball, 8LM)
Batting: RHB Vincent Fields 0-0: Ball
Brennan Yates is caught stealing 2nd base
1-0: SINGLE (Groundball, 13S) (infield hit)
Batting: LHB Jim Jensen 0-0: Ball
1-0: Ball
2-0: Ball
3-0: Base on Balls
Vincent Fields to second
Batting: RHB Mike Wright 0-0: Ball
1-0: Called Strike
1-1: Fly out, F2 (Popup, 25F)
Top of the 3rd over - 0 run(s), 1 hit(s), 0 error(s), 2 left on base; Bismark 0 - Bismarck 2
BOTTOM OF THE 3RD
Bismarck Barons batting - Pitching for Bismark Border Guards : RHP Jaime Espinoza
Batting: RHB Jorge Espinosa 0-0: Called Strike
0-1: Swinging Strike
0-2: Ball
1-2: Strikes out swinging
Batting: LHB Dave Gray 0-0: Ball
1-0: Ground out 6-3 (Groundball, 6M)
Batting: RHB Jack Bailey 0-0: Ball
1-0: Ball
2-0: SINGLE (Line Drive, 6D)
Batting: RHB Paul Ladd 0-0: Ball
1-0: Fielders Choice at 2nd, 6-4 (Groundball, 6)
Bottom of the 3rd over - 0 run(s), 1 hit(s), 0 error(s), 0 left on base; Bismark 0 - Bismarck 2
TOP OF THE 4TH
Bismark Border Guards batting - Pitching for Bismarck Barons : RHP Sergio Cruz
Batting: LHB Nelson Peña 0-0: Called Strike
0-1: Ball
1-1: Hit by Pitch
Batting: LHB Júlio Colón 0-0: Called Strike
0-1: Ball
1-1: Ball
2-1: SINGLE (Groundball, 4MD)
Nelson Peña to second
Batting: RHB José Cintrón 0-0: Grounds into double play, 3-6-1 (Groundball, 3)
Nelson Peña to third
Batting: RHB Enrico Rodríguez 0-0: Ball
1-0: Called Strike
1-1: Called Strike
1-2: Foul Ball, location: 2F
1-2: 2-RUN HOME RUN (Line Drive, 8LXD), Distance : 399 ft
Batting: RHB Brennan Yates 0-0: Foul Ball, location: 2F
0-1: Ball
1-1: Called Strike
1-2: Strikes out looking
Top of the 4th over - 2 run(s), 2 hit(s), 0 error(s), 0 left on base; Bismark 2 - Bismarck 2
BOTTOM OF THE 4TH
Bismarck Barons batting - Pitching for Bismark Border Guards : RHP Jaime Espinoza
Batting: RHB Kiyomitsu Shinoda 0-0: Called Strike
0-1: Ball
1-1: Foul Ball, location: 2F
1-2: Foul Ball, location: 2F
1-2: Ground out 5-3 (Groundball, 56S)
Batting: SHB Lester Olsen 0-0: Ball
1-0: Ball
2-0: Ball
3-0: Called Strike
3-1: Ground out U3 (Groundball, 3)
Batting: LHB Eric Peterson 0-0: Foul Ball, location: 2F
0-1: Swinging Strike
0-2: SOLO HOME RUN (Flyball, 9D), Distance : 369 ft
Batting: RHB Miguel Hernández 0-0: Ball
1-0: Called Strike
1-1: Ball
2-1: Ball
3-1: DOUBLE (Groundball, 3L)
Batting: LHB Lorenzo Núñes 0-0: Called Strike
0-1: Ball
1-1: SINGLE (Groundball, 15S) (infield hit)
Miguel Hernández to third
Batting: RHB Jorge Espinosa 0-0: Called Strike
0-1: Foul Ball, location: 2F
0-2: Ball
1-2: Ball
2-2: Foul Ball, location: 2F
2-2: Fly out, F9 (Flyball, 9S)
Bottom of the 4th over - 1 run(s), 3 hit(s), 0 error(s), 2 left on base; Bismark 2 - Bismarck 3
TOP OF THE 5TH
Bismark Border Guards batting - Pitching for Bismarck Barons : RHP Sergio Cruz
Batting: LHB Juan Viera 0-0: Called Strike
0-1: Called Strike
0-2: Strikes out swinging
Batting: RHB Vincent Fields 0-0: Swinging Strike
0-1: Ball
1-1: Ball
2-1: Called Strike
2-2: Foul Ball, location: 2F
2-2: Strikes out looking
Batting: LHB Jim Jensen 0-0: Called Strike
0-1: Foul Ball, location: 2F
0-2: Strikes out looking
Top of the 5th over - 0 run(s), 0 hit(s), 0 error(s), 0 left on base; Bismark 2 - Bismarck 3
BOTTOM OF THE 5TH
Bismarck Barons batting - Pitching for Bismark Border Guards : RHP Jaime Espinoza
Batting: LHB Dave Gray 0-0: Ball
1-0: Ground out 1-3 (Groundball, 13S)
Batting: RHB Jack Bailey 0-0: Ball
1-0: Ball
2-0: Called Strike
2-1: Ground out 5-3 (Groundball, 56)
Batting: RHB Paul Ladd 0-0: Reached on error, E5 (Groundball, 15S)
Batting: RHB Kiyomitsu Shinoda 0-0: Ball
1-0: Ball
2-0: Fly out, F9 (Flyball, 89D)
Bottom of the 5th over - 0 run(s), 0 hit(s), 1 error(s), 1 left on base; Bismark 2 - Bismarck 3
TOP OF THE 6TH
Bismark Border Guards batting - Pitching for Bismarck Barons : RHP Sergio Cruz
Batting: RHB Mike Wright 0-0: Called Strike
0-1: Called Strike
0-2: Strikes out swinging
Batting: LHB Nelson Peña 0-0: Ball
1-0: SINGLE (Groundball, 6MD)
Batting: LHB Júlio Colón 0-0: Ball
Pickoff Throw to First - Error! E1
Nelson Peña to second
1-0: Ball
2-0: Called Strike
2-1: Foul Ball, location: 2F
2-2: Ball
3-2: Base on Balls
Batting: RHB José Cintrón 0-0: Ball
Nelson Peña steals 3rd base
Júlio Colón to second
1-0: Ball
2-0: Ball
3-0: Foul Ball, location: 2F
3-1: Base on Balls
Batting: RHB Enrico Rodríguez 0-0: Called Strike
0-1: Ball
1-1: Ball
2-1: Foul Ball, location: 2F
2-2: Strikes out swinging
Pitching: RHP Mike Hodges
Batting: RHB Brennan Yates 0-0: Ball
1-0: Called Strike
1-1: Swinging Strike
1-2: Strikes out swinging
Top of the 6th over - 0 run(s), 1 hit(s), 1 error(s), 3 left on base; Bismark 2 - Bismarck 3
BOTTOM OF THE 6TH
Bismarck Barons batting - Pitching for Bismark Border Guards : RHP Jaime Espinoza
Batting: SHB Lester Olsen 0-0: SINGLE (Line Drive, 34D)
Batting: LHB Eric Peterson 0-0: Ball
1-0: Called Strike
1-1: Foul Ball, location: 2F
1-2: Ball
2-2: SINGLE (Flyball, 7S)
Lester Olsen to second
Batting: RHB Miguel Hernández 0-0: Swinging Strike
0-1: Fly out, F9 (Line Drive, 9LM)
Batting: LHB Lorenzo Núñes 0-0: Ground out 5-3 (Groundball, 56S)
Lester Olsen to third
Eric Peterson to second
Batting: RHB Jorge Espinosa 0-0: Called Strike
0-1: SINGLE (Groundball, 6)
Lester Olsen scores
Eric Peterson to third
Runner from 3rd tries for Home, SAFE, no throw or cutoff
Batting: LHB Dave Gray 0-0: Fly out, F6 (Popup, 5D)
Bottom of the 6th over - 2 run(s), 3 hit(s), 0 error(s), 1 left on base; Bismark 2 - Bismarck 5
TOP OF THE 7TH
Bismark Border Guards batting - Pitching for Bismarck Barons : RHP Mike Hodges
Batting: LHB Juan Viera 0-0: Ball
1-0: Ball
2-0: Called Strike
2-1: Ball
3-1: Base on Balls
Batting: RHB Vincent Fields 0-0: Ball
1-0: Ball
2-0: Ball
3-0: Called Strike
3-1: Swinging Strike
3-2: Strikes out swinging
Batting: LHB Jim Jensen 0-0: Fly out, F6 (Popup, 56D)
Batting: RHB Mike Wright 0-0: Called Strike
0-1: Ball
1-1: Ball
Juan Viera is caught stealing 2nd base
Top of the 7th over - 0 run(s), 0 hit(s), 0 error(s), 0 left on base; Bismark 2 - Bismarck 5
BOTTOM OF THE 7TH
Bismarck Barons batting - Pitching for Bismark Border Guards : RHP Jaime Espinoza
Pitching: RHP Dominic Desmarais
Batting: RHB Jack Bailey 0-0: Ball
1-0: Called Strike
1-1: Ball
2-1: Fly out, F9 (Flyball, 89S)
Batting: RHB Paul Ladd 0-0: Called Strike
0-1: Ball
1-1: Fly out, F8 (Flyball, 8RD)
Batting: RHB Kiyomitsu Shinoda 0-0: Ball
1-0: Ball
2-0: Fly out, F7 (Line Drive, 78M)
Bottom of the 7th over - 0 run(s), 0 hit(s), 0 error(s), 0 left on base; Bismark 2 - Bismarck 5
TOP OF THE 8TH
Bismark Border Guards batting - Pitching for Bismarck Barons : RHP Mike Hodges
Batting: RHB Mike Wright 0-0: Called Strike
0-1: Foul Ball, location: 2F
0-2: SINGLE (Groundball, 6M)
Pitching: RHP José Abacil
Batting: LHB Nelson Peña 0-0: Called Strike
0-1: Foul Ball, location: 2F
0-2: Strikes out looking
Batting: LHB Júlio Colón 0-0: Grounds into double play, 6-4-3 (Groundball, 6)
Top of the 8th over - 0 run(s), 1 hit(s), 0 error(s), 0 left on base; Bismark 2 - Bismarck 5
BOTTOM OF THE 8TH
Bismarck Barons batting - Pitching for Bismark Border Guards : RHP Dominic Desmarais
Batting: SHB Lester Olsen 0-0: Ball
1-0: Swinging Strike
1-1: Swinging Strike
1-2: Fly out, F7 (Flyball, 7M)
Batting: LHB Eric Peterson 0-0: Ball
1-0: Called Strike
1-1: Swinging Strike
1-2: Foul Ball, location: 2F
1-2: Ball
2-2: Ground out 6-3 (Groundball, 6M)
Batting: RHB Miguel Hernández 0-0: Ball
1-0: Called Strike
1-1: Ground out 5-3 (Groundball, 5)
Bottom of the 8th over - 0 run(s), 0 hit(s), 0 error(s), 0 left on base; Bismark 2 - Bismarck 5
TOP OF THE 9TH
Bismark Border Guards batting - Pitching for Bismarck Barons : RHP José Abacil
Pitching: LHP Raúl Sandoval
Now in CF: Paco Sandoval
Batting: RHB José Cintrón 0-0: Swinging Strike
0-1: Foul Ball, location: 2F
0-2: Ball
1-2: DOUBLE (Groundball, 3L)
Batting: RHB Enrico Rodríguez 0-0: Ball
1-0: Ball
2-0: Called Strike
2-1: Swinging Strike
2-2: Ball
3-2: Strikes out swinging
Batting: RHB Brennan Yates 0-0: Called Strike
0-1: Called Strike
0-2: Ball
1-2: SINGLE (Groundball, 6M)
José Cintrón to third
Pinch Hitting: RHB Carlos MacKinney 0-0: Grounds into double play, 6-4-3 (Groundball, 6)
Top of the 9th over - 0 run(s), 2 hit(s), 0 error(s), 1 left on base; Bismark 2 - Bismarck 5
This league is powered by Out of the Park Baseball, the baseball management simulation game for PC, Mac and Linux
Wednesday, December 2nd, 2015 - OOTP Baseball 16.8 Build 38